 Dungeon Crawl Stone Soup version 0.29-a0-418-gc0181ea820 (webtiles) character file.

Game seed: 536956705448277788

157115 dolemite99 the Tortoise (level 17, -4/151 HPs)
             Began as a Minotaur Gladiator on May 17, 2022.
             Was a High Priest of Ashenzari.
             Succumbed to a naga ritualist's toxic radiance
             ... on level 3 of the Snake Pit on May 18, 2022.
             The game lasted 01:03:36 (46671 turns).

dolemite99 the Tortoise (Minotaur Gladiator)       Turns: 46671, Time: 01:03:37

Health: -4/151     AC: 37    Str: 27    XL:     17   Next: 11%
Magic:  3/16       EV: 12    Int: 11    God:    Ashenzari [*****.]
Gold:   75         SH: 15    Dex: 12    Spells: 16/16 levels left

rFire   + . .      SeeInvis +   b - +5 fustibalus of Seano {venom, Str+4 Int+4 SInv}
rCold   . . .      Faith    .   d - +2 kite shield of Ashenzari's Black Moon {reflect, Fort, Evo} (curse)
rNeg    . . .      Spirit   +   K - +3 plate armour "Behold Eternity" {rF+, Evo, Melee} (curse)
rPois   .          Reflect  +   G - +2 hat of Supernal Understanding {Alch, Fort} (curse)
rElec   .          Harm     .   r - +2 cloak of Supernal Wisdom {Cun, Melee} (curse)
rCorr   .          Rampage  .   i - +2 pair of gloves of the Oracular Stars {Self, Bglg} (curse)
Will    +....      Clarity  +   O - +2 pair of boots of Star-Bound Wisdom {Fly, Elem, Melee} (curse)
Stlth   ..........              q - amulet of Ashenzari's Yoke {Spirit, Range, Alch} (curse)
HPRegen 0.35/turn               c - ring "Sublime Seer" {Slay+4, Fort, Comp} (curse)
MPRegen 0.15/turn               e - ring of poison resistance

@: lethally poisoned (-4 -> -45), poison vulnerable, flying
A: horns 2, retaliatory headbutt, frail 1, weak 1
a: Renounce Religion, Shatter the Chains


You were on level 3 of the Snake Pit.
You worshipped Ashenzari.
Ashenzari was extremely pleased with you.
You visited 5 branches of the dungeon, and saw 28 of its levels.
You visited the Abyss 1 time.
You also visited: Bailey.

You collected 3338 gold pieces.
You spent 3263 gold pieces at shops.

Inventory:

Hand Weapons
 a - a +9 demon trident of venom
 b - the +5 fustibalus of Seano (weapon) {venom, Str+4 Int+4 SInv}
   (You bought it in a shop on level 2 of the Orcish Mines)

   Any ammunition fired from it poisons the flesh of those it strikes.
   Str:       It affects your strength (+4).
   Int:       It affects your intelligence (+4).
   SInv:      It lets you see invisible.
 L - a +2 morningstar of protection
Missiles
 j - 733 stones
 l - 6 silver javelins
 T - 5 javelins
 U - 4 throwing nets
Armour
 d - the cursed +2 kite shield of Ashenzari's Black Moon (worn) {reflect, Fort, Evo}
   (You took it off a naga warrior on level 2 of the Snake Pit)

   It has a curse which improves the following skills: Fortitude: Armour and
   Shields.
   Evocations: Evocations.
 i - the cursed +2 pair of gloves of the Oracular Stars (worn) {Self, Bglg}
   (You found it on level 1 of the Dungeon)

   It has a curse which improves the following skills: Introspection: Fighting
   and Spellcasting.
   Beguiling: Conjurations, Hexes and Translocations.
 r - the cursed +2 cloak of Supernal Wisdom (worn) {Cun, Melee}
   (You bought it in a shop on level 7 of the Dungeon)

   It has a curse which improves the following skills: Cunning: Dodging and
   Stealth.
   Melee Combat: Short Blades, Long Blades, Axes, Maces & Flails, Polearms,
   Staves and Unarmed Combat.
 G - the cursed +2 hat of Supernal Understanding (worn) {Alch, Fort}

   It has a curse which improves the following skills: Alchemy: Poison Magic and
   Transmutations.
   Fortitude: Armour and Shields.
 K - the cursed +3 plate armour "Behold Eternity" (worn) {rF+, Evo, Melee}
   (You took it off an orc warlord on level 2 of the Orcish Mines)

   It has a curse which improves the following skills: Evocations: Evocations.
   Melee Combat: Short Blades, Long Blades, Axes, Maces & Flails, Polearms,
   Staves and Unarmed Combat.
 O - the cursed +2 pair of boots of Star-Bound Wisdom (worn) {Fly, Elem, Melee}
   (You found it on level 10 of the Dungeon)

   It has a curse which improves the following skills: Elements: Fire Magic, Ice
   Magic, Air Magic and Earth Magic.
   Melee Combat: Short Blades, Long Blades, Axes, Maces & Flails, Polearms,
   Staves and Unarmed Combat.
Magical Staves
 t - a staff of poison
Jewellery
 c - the cursed ring "Sublime Seer" (left hand) {Slay+4, Fort, Comp}
   (You found it on level 3 of the Lair of Beasts)

   [ring of slaying]

   Slay:      It affects your accuracy & damage with ranged weapons and melee
   (+4).
   It has a curse which improves the following skills: Fortitude: Armour and
   Shields.
   Companions: Summonings and Necromancy.
 e - a ring of poison resistance (right hand)
 f - the ring of Dilioj {rElec Int+6 Dex+2}
   (You bought it in a shop on level 3 of the Dungeon)

   [ring of intelligence]

   Int:       It affects your intelligence (+6).
   Dex:       It affects your dexterity (+2).
   rElec:     It insulates you from electricity.
 k - a +4 ring of evasion
 o - a ring of positive energy
 q - the cursed amulet of Ashenzari's Yoke (around neck) {Spirit, Range, Alch}
   (You found it on level 7 of the Dungeon)

   [amulet of guardian spirit]

   It causes incoming damage to be divided between your reserves of health and
   magic.
   It has a curse which improves the following skills: Ranged Combat: Slings,
   Bows, Crossbows and Throwing.
   Alchemy:   Poison Magic and Transmutations.
 x - a ring of resist corrosion
 E - a ring of flight
 P - a ring of protection from cold
Wands
 B - a wand of flame (24)
 N - a wand of polymorph (3)
 Y - a wand of digging (16)
Scrolls
 h - 6 scrolls of fog
 m - 3 scrolls of brand weapon
 n - a scroll of fear
 v - 4 scrolls of blinking
 w - 2 scrolls of magic mapping
 y - 10 scrolls of teleportation
 D - a scroll of summoning
 Q - 5 scrolls of amnesia
Potions
 g - 5 potions of heal wounds
 p - 3 potions of haste
 s - 4 potions of mutation
 u - 3 potions of cancellation
 z - 4 potions of attraction
 A - 3 potions of magic
 C - 3 potions of might
 H - 4 potions of brilliance
 I - 3 potions of flight
 J - a potion of invisibility
 M - 11 potions of curing
 S - 4 potions of berserk rage
 Z - 2 potions of ambrosia


   Skills:
 - Level 17.0(19.2) Fighting
 - Level 9.9(16.5) Maces & Flails
 - Level 8.3(15.1) Polearms
 - Level 13.2(19.2) Staves
 - Level 14.2(17.0) Slings
 - Level 6.7(12.3) Throwing
 - Level 17.7(22.0) Armour
 + Level 10.7(13.0) Dodging
 - Level 12.1(16.6) Shields
 - Level 7.0(10.5) Evocations


You had 16 spell levels left.
You didn't know any spells.
Your spell library contained the following spells:

 Spells                   Type           Power      Damage    Failure   Level
 Sandblast                Erth           0%         2d4       91%         1
 Slow                     Hex            0%         N/A       91%         1
 Summon Small Mammal      Summ           0%         N/A       91%         1
 Passwall                 Tmut/Erth      0%         N/A       97%         2
 Scorch                   Fire           0%         2d5       97%         2
 Call Canine Familiar     Summ           0%         N/A       99%         3
 Confusing Touch          Hex            0%         N/A       99%         3
 Frozen Ramparts          Ice            0%         1d2       99%         3
 Ignite Poison            Fire/Tmut/Pois 1%         N/A       99%         3
 Inner Flame              Hex/Fire       0%         N/A       99%         3
 Mephitic Cloud           Conj/Pois/Air  0%         N/A       99%         3
 Portal Projectile        Hex/Tloc       0%         N/A       99%         3
 Stone Arrow              Conj/Erth      0%         3d7       99%         3
 Summon Guardian Golem    Hex/Summ       0%         N/A       99%         3
 Vampiric Draining        Necr           0%         2d6       99%         3
 Animate Armour           Summ/Erth      0%         N/A       100%        4
 Cause Fear               Hex            0%         N/A       100%        4
 Flame Wave               Conj/Fire      0%         2d4       100%        4
 Ice Form                 Ice/Tmut       1%         N/A       100%        4
 Leda's Liquefaction      Hex/Erth       0%         N/A       100%        4
 Summon Ice Beast         Ice/Summ       0%         N/A       100%        4
 Blade Hands              Tmut           0%         N/A       100%        5
 Freezing Cloud           Conj/Ice/Air   0%         6-21      100%        5
 Iron Shot                Conj/Erth      0%         9d1       100%        6
 Summon Cactus Giant      Summ           0%         N/A       100%        6
 Discord                  Hex            0%         N/A       100%        8


Dungeon Overview and Level Annotations

Branches:
Dungeon (15/15)            Temple (1/1) D:7            Lair (6/6) D:10
  Swamp (0/4) Lair:3        Snake (4/4) Lair:3        Slime (0/5) Lair:5
    Orc (2/2) D:12            Elf (0/3) Orc:2        Vaults (0/5) D:14
 Depths (0/4) D:15         Bailey (visited)

Altars:
Ashenzari
Cheibriados
Dithmenos
Elyvilon
Fedhas
Gozag
Hepliaklqana
Kikubaaqudgha
Makhleb
Nemelex Xobeh
Okawaru
Qazlal
Ru
Sif Muna
Trog
Uskayaw
Vehumet
Wu Jian
Xom
Yredelemnul
Zin
The Shining One
Beogh
Jiyva

Shops:
D:3 =   D:7 [*[!(   D:13 *   D:14 *   Orc:1 [:??   Orc:2 ?:?([   Snake:4 !*[

Annotations:
D:15 Roxanne
Snake:3 exclusion: downstairs


Innate Abilities, Weirdness & Mutations

You have a pair of horns on your head.
You reflexively headbutt those who attack you in melee.
You are frail. (-10% HP)
You are weak. (Str -2)


Message History

The naga ritualist mumbles some strange prayers to its god.
The naga ritualist begins to radiate toxic energy.
You are more poisoned.
The naga ritualist prays to its god.
The naga ritualist begins to radiate toxic energy.
You are more poisoned.
You feel very sick.
You are more poisoned.
* * * LOW HITPOINT WARNING * * *
You are more poisoned.
Things that are here:
a +0 robe; a +0 hand axe You feel very sick.
* * * LOW HITPOINT WARNING * * *
You are more poisoned.
* * * LOW HITPOINT WARNING * * *
You are more poisoned.
You see here a +3 shortbow of flaming.
You feel very sick.
* * * LOW HITPOINT WARNING * * *
You are more poisoned.
* * * LOW HITPOINT WARNING * * *
You are more poisoned.
The naga ritualist spits poison at you.
The splash of poison hits you but does no damage.
You are more poisoned.
There is a stone staircase leading up, spattered with blood here.
* * * LOW HITPOINT WARNING * * *
You feel extremely sick.
* * * LOW HITPOINT WARNING * * *
You are more poisoned.
The naga ritualist's toxic aura wanes.
* * * LOW HITPOINT WARNING * * *
You are more poisoned.
The naga ritualist prays to its god.
The naga ritualist begins to radiate toxic energy.
* * * LOW HITPOINT WARNING * * *
You are more poisoned.
You fly upwards.
Level annotation: exclusion: downstairs You die...

##...............##
##........)).....#
##...........).?.#
###........)....##
####...........####
########...###)#####
########.#.###.#####
#######..).####)..##
###@.##...##.<#....#
###.).#.).#...###..<
####.)#)..#..####[.[
######)...)######.#.
#.............#..##
#......♣......#.###
#.............#.##.
######.....#####.##.
####..#...#..###.##.


There were no monsters in sight!

Vanquished Creatures
  Vashnia (Snake:4)
  Rupert (D:14)
  Agnes (D:15)
  6 nagarajas
  An orc warlord (Orc:2)
  A quicksilver ooze (Lair:6)
  A stone giant (D:15)
  Nessos (D:14)
  Josephine (D:14)
  A great orb of eyes (shapeshifter) (D:12)
  3 boulder beetles
  An ogre mage (D:15)
  2 catoblepae
  5 two-headed ogres
  6 hydras
  5 anacondas
  3 centaur warriors (D:14)
  11 naga warriors
  2 tengu warriors (D:14)
  6 death yaks
  3 orc high priests (Orc:2)
  Urug (Lair:5)
  8 naga sharpshooters
  Sonja (Orc:1)
  4 shock serpents
  4 salamander mystics
  3 sea snakes (Snake:1)
  2 wizards
  2 naga ritualists (Snake:1)
  5 orc knights
  2 lindwurms (Lair:5)
  3 deep elf pyromancers
  9 mana vipers
  2 wolf spiders (Lair:4)
  A faun (Snake:3)
  2 orc sorcerers (Orc:2)
  6 ugly things
  2 cyclopes
  18 salamanders
  31 black mambas
  A manticore (D:14)
  3 guardian serpents (Snake:3)
  15 naga magi
  An ice statue (D:9)
  3 kobold demonologists
  6 ice devils (D:9)
  Psyche (D:12)
  A yaktaur (D:15)
  20 cane toads
  2 unseen horrors
  6 rime drakes
  10 komodo dragons
  A tengu conjurer (D:14)
  A troll (shapeshifter) (D:13)
  A polar bear (shapeshifter) (D:14)
  10 trolls
  4 meliai
  6 polar bears
  3 hornets
  16 blink frogs
  7 slime creatures
  6 dream sheep
  2 centaur simulacra (D:14)
  4 shadows
  2 vampires
  A basilisk (shapeshifter) (D:14)
  12 spriggans (Lair:6)
  8 wyverns
  15 humans (D:14)
  A water elemental (D:15)
  8 wraiths
  42 yaks
  4 basilisks
  4 steam dragons
  5 large abominations (D:10)
  8 small abominations
  A warg (Orc:2)
  8 vampire mosquitoes
  37 nagas
  An acid dragon (D:9)
  22 water moccasins
  49 orc warriors
  A floating eye (D:9)
  10 black bears
  11 centaurs
  8 ogres
  5 boggarts (Lair:6)
  An ice beast (D:5)
  28 wolves
  3 phantoms
  7 kobold brigands
  7 bullfrogs
  4 gnoll sergeants
  7 scorpions
  2 necrophages
  12 wights
  33 killer bees
  2 electric eels
  9 howler monkeys
  6 lava snakes (Snake:1)
  5 hounds
  5 gnoll shamans
  15 orc priests
  8 jellies
  6 hell rats (Lair:4)
  5 iguanas
  23 orc wizards
  52 gnolls
  9 adders
  3 shadow imps
  8 ufetubi
  3 worms
  5 dart slugs
  106 orcs
  5 ball pythons
  5 endoplasms
  3 giant cockroaches
  7 goblins
  12 hobgoblins
  2 jackals (D:2)
  5 quokkas
  5 bats
  A frilled lizard (D:1)
  17 kobolds
  6 rats
1003 creatures vanquished.

Vanquished Creatures (collateral kills)
  A troll (Orc:2)
  A warg (Orc:2)
  An orc warrior (Orc:2)
  An orc priest (Orc:2)
  An orc (Orc:2)
5 creatures vanquished.

Vanquished Creatures (others)
  A human (D:14)
  34 fungi
  104 plants
139 creatures vanquished.

Grand Total: 1147 creatures vanquished

Notes
Turn   | Place    | Note
-------+----------+-------------------------------------------
     0 | D:1      | dolemite99 the Minotaur Gladiator began the quest for the
                  | Orb.
     0 | D:1      | Reached XP level 1. HP: 18/18 MP: 0/0
   141 | D:1      | Reached XP level 2. HP: 21/25 MP: 1/1
   809 | D:1      | Reached skill level 5 in Staves
  1176 | D:2      | Reached XP level 3. HP: 30/30 MP: 2/2
  1383 | D:2      | Reached XP level 4. HP: 37/37 MP: 3/3
  1663 | D:2      | Found an ornate altar of the Wu Jian Council.
  1934 | D:3      | Found a faded altar of an unknown god.
  1991 | D:3      | Found Watzyadd's Jewellery Boutique.
  2890 | D:3      | Noticed a scorpion
  2899 | D:3      | Killed a scorpion
  2900 | D:3      | Reached XP level 5. HP: 41/42 MP: 4/4
  3619 | D:4      | Reached XP level 6. HP: 26/50 MP: 5/5
  4738 | D:5      | Entered Level 5 of the Dungeon
  4738 | D:5      | Noticed an ice beast
  4747 | D:5      | Killed an ice beast
  4748 | D:5      | Reached XP level 7. HP: 56/56 MP: 6/6
  5212 | D:5      | Reached skill level 5 in Armour
  5966 | D:5      | Reached XP level 8. HP: 59/66 MP: 7/7
  6143 | D:5      | Reached skill level 5 in Fighting
  7770 | D:6      | Noticed a troll
  7790 | D:6      | Killed a troll
  7791 | D:6      | Reached XP level 9. HP: 73/85 MP: 8/8
  7900 | D:6      | Reached skill level 10 in Fighting
  9017 | D:6      | Reached skill level 10 in Armour
 10282 | D:7      | Found Deelon's Distillery.
 10314 | D:7      | Found Labaar's Assorted Antiques.
 10436 | D:7      | Bought a scroll labelled IXIULA MOCINAROWK for 18 gold
                  | pieces
 10443 | D:7      | Found Roicisk's Armour Shop.
 10480 | D:7      | Found a staircase to the Ecumenical Temple.
 10488 | Temple   | Entered the Ecumenical Temple
 10608 | Temple   | Became a worshipper of Ashenzari the Shackled
 10627 | D:7      | Found Uhaaskuc's Weapon Shoppe.
 10928 | D:7      | Found Qoewub's Armour Boutique.
 10938 | D:7      | Bought a +2 cloak for 214 gold pieces
 10945 | D:7      | Bought a +0 plate armour for 299 gold pieces
 11274 | D:8      | Noticed a purple ugly thing
 11301 | D:7      | Killed a purple ugly thing
 11400 | D:7      | Reached skill level 10 in Staves
 11573 | D:8      | Reached XP level 10. HP: 81/95 MP: 6/9
 12136 | D:8      | Found a shimmering blue altar of Sif Muna.
 12136 | D:8      | Found a shadowy altar of Dithmenos.
 12138 | D:8      | Found a sparkling altar of Nemelex Xobeh.
 12150 | D:8      | Found a blossoming altar of Fedhas.
 12395 | D:8      | Reached * piety under Ashenzari
 12440 | D:9      | Noticed a two-headed ogre
 12453 | D:8      | Killed a two-headed ogre
 12579 | D:9      | Found a flagged portal.
 12596 | Bailey   | Entered a bailey
 13130 | Bailey   | Noticed an orc knight
 13134 | Bailey   | Noticed an orc knight
 13143 | Bailey   | Killed an orc knight
 13160 | Bailey   | Killed an orc knight
 13161 | Bailey   | Reached skill level 5 in Throwing
 13586 | D:9      | Noticed an ice statue
 13593 | D:9      | Reached XP level 11. HP: 87/105 MP: 10/10
 14452 | D:9      | Reached skill level 1 in Evocations
 15339 | D:10     | Entered Level 10 of the Dungeon
 15819 | D:10     | Reached skill level 5 in Evocations
 15919 | D:10     | Gained mutation: You are frail. (-10% HP) [a neqoxec]
 15921 | D:10     | Gained mutation: You are weak. (Str -2) [a neqoxec]
 15927 | D:10     | Noticed a sun demon
 16227 | D:10     | Reached ** piety under Ashenzari
 16252 | D:10     | Found a staircase to the Lair.
 16304 | D:10     | Noticed a two-headed ogre
 16312 | D:10     | Killed a two-headed ogre
 16498 | D:10     | Noticed a wizard
 16766 | D:10     | Killed a wizard
 17327 | D:10     | Identified the +10 arbalest "Fisch" {freeze, Str+4 Dex+3}
 17467 | Lair:1   | Entered Level 1 of the Lair of Beasts
 17517 | Lair:1   | Reached XP level 12. HP: 101/103 MP: 11/11
 18427 | Lair:1   | Reached skill level 15 in Armour
 18692 | Lair:1   | Noticed a seven-headed hydra
 18706 | Lair:1   | Killed a seven-headed hydra
 18854 | Lair:2   | Reached *** piety under Ashenzari
 19333 | Lair:2   | Reached skill level 1 in Maces & Flails
 20326 | Lair:3   | Reached skill level 5 in Maces & Flails
 20511 | Lair:3   | Noticed a catoblepas
 20551 | Lair:3   | Killed a catoblepas
 20737 | Lair:3   | Found a staircase to the Swamp.
 21045 | Lair:3   | Noticed an eight-headed hydra
 21063 | Lair:3   | Killed an eight-headed hydra
 21064 | Lair:3   | Reached XP level 13. HP: 73/114 MP: 6/12
 21393 | Lair:3   | Found a staircase to the Snake Pit.
 22941 | Lair:4   | Reached skill level 5 in Shields
 23368 | Lair:4   | Reached **** piety under Ashenzari
 23541 | Lair:5   | Noticed Urug
 23774 | Lair:5   | Killed Urug
 24279 | Lair:5   | Found a staircase to the Slime Pits.
 24280 | Lair:5   | Found a viscous altar of Jiyva.
 24367 | Lair:5   | Reached skill level 10 in Shields
 24568 | Lair:5   | Reached skill level 1 in Polearms
 24638 | Lair:5   | Identified the +2 giant spiked club "Parchah" {holy, Str+5}
 24861 | Lair:5   | Reached skill level 5 in Polearms
 25302 | Lair:6   | Entered Level 6 of the Lair of Beasts
 25335 | Lair:6   | Reached XP level 14. HP: 120/122 MP: 13/13
 25351 | Lair:6   | Found a hazy altar of Hepliaklqana.
 25458 | Lair:6   | Found a frozen archway.
 26453 | Lair:6   | Noticed a quicksilver ooze
 26458 | Lair:6   | Killed a quicksilver ooze
 26935 | D:11     | Reached skill level 5 in Dodging
 27223 | D:11     | Reached ***** piety under Ashenzari
 27385 | D:12     | Noticed Psyche
 27390 | D:12     | Killed Psyche
 27853 | D:12     | Found a staircase to the Orcish Mines.
 28150 | D:12     | Identified the +0 long sword "Ysomiluo" {vorpal, rF+}
 28235 | Orc:1    | Entered Level 1 of the Orcish Mines
 28324 | Orc:1    | Found Roijif's Magic Scroll Emporium.
 28339 | Orc:1    | Found Ciot's Magic Scroll Shop.
 28406 | Orc:1    | Noticed Sonja
 28418 | Orc:1    | Killed Sonja
 28627 | Orc:1    | Found Tuexziv's Book Emporium.
 28758 | Orc:1    | Found Torghump's Armour Shoppe.
 28922 | Orc:2    | Entered Level 2 of the Orcish Mines
 29096 | Orc:2    | Found Kuzumn's Book Boutique.
 29107 | Orc:2    | Found Gyin's Magic Scroll Shoppe.
 29425 | Orc:2    | Found a staircase to the Elven Halls.
 30004 | Orc:2    | Found Eggujul's Magic Scroll Boutique.
 30199 | Orc:2    | Reached skill level 10 in Dodging
 30270 | Orc:2    | Reached XP level 15. HP: 78/129 MP: 7/14
 30273 | Orc:2    | Noticed an orc warlord
 30469 | Orc:2    | Killed an orc warlord
 31012 | Orc:2    | Found Juwubit's Antique Weapon Emporium.
 31020 | Orc:2    | Found Woet's Antique Armour Shoppe.
 31068 | Orc:2    | Bought a masterwork fustibalus for 520 gold pieces
 31068 | Orc:2    | Identified the +5 fustibalus of Seano {venom, Str+4 Int+4
                  | SInv} (You bought it in a shop on level 2 of the Orcish
                  | Mines)
 31131 | Orc:1    | Bought a scroll of blinking for 90 gold pieces
 31131 | Orc:1    | Bought a scroll of enchant weapon for 90 gold pieces
 31131 | Orc:1    | Bought a scroll of enchant armour for 90 gold pieces
 31131 | Orc:1    | Bought a scroll of teleportation for 36 gold pieces
 31131 | Orc:1    | Bought a scroll of teleportation for 36 gold pieces
 31131 | Orc:1    | Bought a scroll of teleportation for 36 gold pieces
 31496 | D:3      | Bought the ring of Dilioj {rElec Int+6 Dex+2} for 920 gold
                  | pieces
 31496 | D:3      | Bought a ring of protection from cold for 300 gold pieces
 31798 | D:9      | Reached skill level 1 in Slings
 32121 | D:13     | Found Erisenu's Hallowed Reliquary.
 32974 | D:14     | Noticed Rupert
 32974 | D:14     | Noticed Nessos
 32974 | D:14     | Found a gate to the Vaults.
 33124 | D:14     | Reached skill level 5 in Slings
 33178 | D:14     | Paralysed by Rupert for 4 turns
 33183 | D:14     | Killed Rupert
 33317 | D:14     | Killed Nessos
 33982 | D:14     | Noticed Josephine
 33983 | D:14     | Found Ramaz's General Store.
 33989 | D:14     | Killed Josephine
 34710 | D:15     | Entered Level 15 of the Dungeon
 34834 | D:15     | Cast into level 2 of the Abyss (a wizard)
 34949 | D:15     | Escaped the Abyss
 34958 | D:15     | Reached skill level 10 in Slings
 35030 | D:15     | Found a staircase to the Depths.
 35229 | D:15     | Noticed Agnes
 35249 | D:15     | Found an iron altar of Okawaru.
 35636 | D:15     | Killed Agnes
 35769 | D:15     | Identified Roxanne's Collected Works on Clay
 35769 | D:15     | Noticed Roxanne
 36378 | Snake:1  | Entered Level 1 of the Snake Pit
 36811 | Snake:1  | Identified the +10 falchion of the Glowing Gods {spect, Fly
                  | Str+3 Dex+5 Stlth+}
 37086 | Snake:1  | Reached XP level 16. HP: 114/135 MP: 13/15
 38266 | Snake:1  | Found a shimmering altar of Xom.
 40297 | Snake:3  | Reached skill level 15 in Fighting
 43384 | Snake:4  | Entered Level 4 of the Snake Pit
 43384 | Snake:4  | Noticed Vashnia
 44252 | Orc:2    | Bought a scroll of blinking for 127 gold pieces
 44252 | Orc:2    | Bought a scroll of fear for 59 gold pieces
 44381 | D:13     | Bought a potion of heal wounds for 80 gold pieces
 44381 | D:13     | Bought a potion of heal wounds for 80 gold pieces
 44381 | D:13     | Bought a potion of heal wounds for 80 gold pieces
 44381 | D:13     | Bought a potion of heal wounds for 80 gold pieces
 44473 | Orc:1    | Bought a scroll of magic mapping for 59 gold pieces
 44518 | Orc:2    | Bought a scroll of magic mapping for 49 gold pieces
 45410 | Snake:4  | Killed Vashnia
 45530 | Snake:4  | Reached XP level 17. HP: 88/151 MP: 13/16
 46420 | Snake:4  | Found Biblipp's Distillery.
 46422 | Snake:4  | Found Vaniv's General Store.
 46425 | Snake:4  | Found Exturud's Antique Armour Emporium.
 46671 | Snake:3  | Succumbed to a naga ritualist's toxic radiance

Illustrated notes

Levels and vault maps discovered:
D:1:      mrwooster_arrival_arrow, layout_basic, minmay_tetromino_l4
D:2:      layout_loops_cross, basic_altar, minmay_circled_x
D:3:      layout_loops_ring, serial_shops, shop, basic_ecumenical_altar
D:4:      layout_loops_ring, dreamdust_princess_bridge, guppyfry_early_lair_pool
D:5:      cheibrodos_thug_alley, layout_basic, minmay_joined_circles
D:6:      kennysheep_housing_project, layout_loops_ring
D:7:      layout_layer_cave, minmay_temple_entry_mini_moons, serial_shops,
          nicolae_take_the_stairs, shop_coins, shop_statue,
          nicolae_shop_waterfront, shop, minmay_misc_feat_cross
D:8:      layout_rooms, nicolae_overflow_quartered_altars,
          hangedman_minor_gate_pass
D:9:      cheibrodos_frozen_isle, layout_loops_ring, enter_bailey_7,
          amethyst_killhole, minivault_4, onia_ninara_cookie
D:10:     layout_roguey, grunt_lair_entry_orc_guard_hut, laboratory
D:11:     layout_roguey, hex_large, centaur_isle
D:12:     layout_loops_ring, minmay_orc_entry_temple_small, uniq_psyche
D:13:     layout_cave_pods, minivault_1, nicolae_good_shop
D:14:     kennysheep_spiral_hall, layout_loops_ring, david_vaults_3,
          serial_shops, shop, uniq_josephine
D:15:     grunt_enter_depths_giant_problem, layout_basic, serial_bayou,
          serial_bayou_pond_d, serial_bayou_shore_a, serial_bayou_lagoon_a,
          serial_bayou_pond_e, lemuel_tele_altar, uniq_roxanne, uniq_agnes
Temple:   mainiacjoe_temple_coin_purse
Lair:1:   layout_regular_city, grunt_forest_small_clearings, grunt_megastairs_4
Lair:2:   layout_layer_cave, wad_woods_road_01, beast_lair_carwin_1
Lair:3:   wad_woods_minihive, layout_misc_corridors, swamp_mist,
          lemuel_fruit_tree, serial_bayou_shore_b
Lair:4:   beast_lair_carwin_large_1, layout_hall_layers,
          nicolae_lair_run_with_the_wolves, infiniplex_staircase_pool
Lair:5:   cheibrodos_lair_overgrown_chateau, layout_long_grid, slime_altar_1,
          infiniplex_staircase_pool_2, uniq_urug
Lair:6:   minmay_lair_end_enchanted_forest, layout_hall_layers, basic_altar,
          portal_ice_cave_rime, nicolae_lair_time_for_slime,
          serial_bayou_shore_b
Snake:1:  layout_basic, basic_altar, nicolae_snake_springs
Snake:2:  layout_misc_corridors, serial_bayou_shore_b
Snake:3:  nicolae_snake_crotalidae_crossing, layout_rooms, grunt_ministairs_6
Snake:4:  grunt_snake_rune_pools, layout_onion, minmay_shop_star, uniq_vashnia
Orc:1:    layout_caves, serial_shops, shop_statue,
          nicolae_shop_advertising_works [nicolae_subvault_shop_adworks],
          shop_fountains, nicolae_shop_statue_plus, statue_in_the_mist_lemuel,
          uniq_sonja
Orc:2:    grunt_orc_community_town_hall, layout_caves,
          grunt_orc_community_big_house_1, grunt_orc_community_big_house_2,
          grunt_orc_community_house_2, grunt_orc_community_house_3,
          grunt_orc_community_house_1, grunt_orc_community_house_3,
          grunt_orc_community_house_1, serial_shops, shop

Skill      XL: |  1  2  3  4  5  6  7  8  9 10 11 12 13 14 15 16 |
---------------+-------------------------------------------------+-----
Staves         | 4 5 7 8 9 10 13 | 13.2
Armour         | 2 7 11 13 15 17 | 17.7
Fighting       | 3 9 11 12 14 17 | 17.0
Throwing       | 5 6 |  6.7
Evocations     | 7 |  7.0
Maces & Flails | 8 9 |  9.9
Shields        | 10 12 | 12.1
Polearms       | 6 8 |  8.3
Dodging        | 10 | 10.7
Slings         | 12 14 | 14.2

Action                   |  1- 3 |  4- 6 |  7- 9 | 10-12 | 13-15 | 16-18 || total
-------------------------+-------+-------+-------+-------+-------+-------++-------
Melee: Quarterstaff      |    74 |   149 |   340 |   716 |   119 |       ||  1398
       Headbutt          |     5 |    27 |    75 |   174 |   210 |    42 ||   533
       Demon trident     |       |       |       |       |   801 |   183 ||   984
       Morningstar       |       |       |       |       |    64 |       ||    64
 Fire: Fustibalus        |       |       |       |       |   341 |   611 ||   952
Throw: Throwing net      |       |     3 |     6 |       |     1 |       ||    10
       Boomerang         |       |       |       |    51 |    40 |       ||    91
       Dart              |       |       |       |   130 |   182 |       ||   312
       Stone             |       |       |       |       |    52 |    31 ||    83
       Javelin           |       |       |       |       |    78 |       ||    78
Invok: Curse Item        |       |       |     1 |     4 |     4 |     1 ||    10
       Shatter the Chain |       |       |       |       |     1 |     1 ||     2
Evoke: Wand              |       |       |     2 |    19 |    25 |    14 ||    60
  Use: Scroll            |     2 |       |    14 |    12 |    14 |     7 ||    49
       Potion            |       |       |     1 |     5 |     2 |     6 ||    14
 Stab: Held in net/web   |       |     1 |     5 |       |     1 |       ||     7
       Invisible         |       |       |     3 |       |       |       ||     3
       Petrified         |       |       |       |     1 |       |       ||     1
       Paralysed         |       |       |       |       |     3 |       ||     3
Armor: Leather armour    |    14 |       |       |       |       |       ||    14
       Scale mail        |    27 |    49 |    78 |       |       |       ||   154
       Chain mail        |       |       |    96 |       |   160 |       ||   256
       Plate armour      |       |       |    32 |   428 |   208 |   211 ||   879
Dodge: Dodged            |    44 |    56 |   183 |   304 |   251 |   140 ||   978
Block: Kite shield       |       |       |       |       |   457 |   294 ||   751
       Reflection        |       |       |       |       |       |    57 ||    57

Table legend: (Time is in decaauts)
 A = Elapsed time spent in this place.
 B = Non-inter-level travel time spent in this place.
 C = Inter-level travel time spent in this place.
 D = Time resting spent in this place.
 E = Time spent auto-exploring this place.
 F = Levels seen in this place.
 G = Mean time per level.
                   A        B        C        D        E       F      G
               +--------+--------+--------+--------+--------+-----+--------+
         Total |  46114 |  42866 |   3248 |  16150 |  18051 |  30 | 1537.1 |
       Dungeon |  22996 |  21466 |   1530 |   7766 |   9568 |  15 | 1533.1 |
        Temple |    168 |    133 |     35 |     32 |     80 |   1 |  168.0 |
          Lair |   9579 |   8867 |    712 |   2637 |   4514 |   6 | 1596.5 |
     Snake Pit |   9186 |   8692 |    494 |   4562 |   2411 |   4 | 2296.5 |
  Orcish Mines |   3192 |   2717 |    475 |    745 |   1181 |   2 | 1596.0 |
         Abyss |    115 |    115 |      0 |      0 |     67 |   1 |  115.0 |
        Bailey |    875 |    875 |      0 |    406 |    230 |   1 |  875.0 |
               +--------+--------+--------+--------+--------+-----+--------+

Top non-repeatable levels by time:
 Snake:3: 3778 daAuts
     D:6: 2687 daAuts
     D:9: 2618 daAuts
   Orc:2: 2364 daAuts
  Lair:4: 2295 daAuts
     D:7: 2274 daAuts
 Snake:2: 2145 daAuts
  Lair:3: 1797 daAuts
 Snake:1: 1795 daAuts
     D:4: 1789 daAuts
    D:10: 1772 daAuts
    D:14: 1669 daAuts
  Lair:2: 1629 daAuts
     D:3: 1628 daAuts
     D:5: 1535 daAuts
